Wild vs Blues

Created - February 1 2012 at 18:55

Goals
1 2 3 T
Wild 0 4 0 4
Blues 1 1 3 5
Shots
1 2 3 T
Wild 11 19 7 37
Blues 6 8 14 28

Period #1

1. Blues , Saku Koivu 13 (Milan Jurcina, Alexander Frolov) at 3:14

Penalties :
Steve Ott (STL) for Slashing (Minor) at 0:07, Michal Rozsival (MIN) for Tripping (Minor) at 4:38, Daymond Langkow (STL) for Diving (Minor) at 7:13, Yannick Weber (STL) for Slashing (Minor) at 12:59

Period #2

2. Blues , Chris Kunitz 26 (Kent Huskins, Mark Fayne) at 1:52
3. Wild , Christopher Higgins 14 (Milan Michalek, Bobby Ryan) at 1:58
4. Wild , Ryan Getzlaf 27 (Joni Pitkanen, Michael Ryder) at 6:49 (PP)
5. Wild , Ryan Getzlaf 28 (Michal Rozsival, Joni Pitkanen) at 8:58
6. Wild , Michael Ryder 5 (Brian Gionta, Joni Pitkanen) at 19:54

Penalties :
Daniel Carcillo (STL) for Tripping (Minor) at 3:06, Yannick Weber (STL) for Interference (Minor) at 5:52, Steve Ott (STL) for Roughing (Minor) at 16:09

Period #3

7. Blues , Jussi Jokinen 15 (Robyn Regehr, Curtis McElhinney) at 6:51
8. Blues , Dennis Wideman 12 (Daniel Carcillo) at 13:36
9. Blues , Jussi Jokinen 16 (Yannick Weber, Daniel Carcillo) at 16:50

Penalties :
Michal Rozsival (MIN) for Interference (Minor) at 1:36, Steve Ott (STL) for Hooking (Minor) at 4:47, Kent Huskins (STL) for Fighting (Major) at 15:57, Radek Martinek (MIN) for Fighting (Major) at 15:57, Andrew Ebbett (MIN) for Hooking (Minor) at 17:07, Steve Ott (STL) for Cross-checking (Minor) at 19:57

Goalie Stats

Chris Mason (MIN), 15 saves from 18 shots - (0.833), 46:51 minutes
Pascal Leclaire (MIN), 8 saves from 10 shots - (0.800), L, 0-4-0, 12:35 minutes
Curtis McElhinney (STL), 33 saves from 37 shots - (0.892), W, 1-0-0, 60:00 minutes

Players Stats

Wild
Player Name              G  A  P  +/- PIM S  H  SB FO    MP 
------------------------------------------------------------
Alexei Ponikarovsky      0  0  0  -3  0   1  1  0  1/1   14 
Andrei Markov            0  0  0  -2  0   2  1  0  0/0   18 
Andrew Ebbett            0  0  0   0  2   0  0  1  0/0   3  
Bobby Ryan               0  1  1   1  0   1  1  1  17/29 21 
Brian Gionta             0  1  1   0  0   4  0  1  0/0   20 
Christopher Higgins      1  0  1   1  0   6  0  0  1/1   22 
Colin White              0  0  0   0  0   0  0  0  0/0   3  
Joel Ward                0  0  0  -3  0   2  1  1  0/2   17 
Jon Sim                  0  0  0   0  0   0  0  0  0/1   2  
Joni Pitkanen            0  3  3   0  0   4  0  0  0/0   22 
Michael Ryder            1  1  2   0  0   1  0  0  1/2   19 
Michal Rozsival          0  1  1   0  4   2  3  0  0/0   20 
Mike Modano              0  0  0  -3  0   2  1  0  11/18 16 
Milan Michalek           0  1  1   1  0   4  1  0  0/0   20 
Radek Martinek           0  0  0  -3  5   0  1  1  0/0   14 
Ryan Getzlaf             2  0  2   0  0   6  2  0  14/34 22 
Sami Salo                0  0  0   0  0   1  1  0  0/0   18 
Tom Gilbert              0  0  0   1  0   1  0  0  0/0   23 
Blues
Player Name              G  A  P  +/- PIM S  H  SB FO    MP 
------------------------------------------------------------
Alexander Frolov         0  1  1   1  0   0  0  0  0/0   10 
Chris Kunitz             1  0  1   0  0   6  3  1  1/2   19 
Dan Sexton               0  0  0   0  0   0  0  0  0/0   4  
Daniel Carcillo          0  2  2   1  2   2  0  0  1/1   18 
Daymond Langkow          0  0  0   0  2   0  0  0  3/6   6  
Dennis Wideman           1  0  1   1  0   3  0  0  0/0   21 
Jean-Pierre Dumont       0  0  0   0  0   2  0  0  0/0   13 
Jussi Jokinen            2  0  2   0  0   5  0  0  12/26 22 
Kent Huskins             0  1  1   0  5   1  0  0  0/0   18 
Kristian Huselius        0  0  0   1  0   2  0  0  1/4   10 
Mark Fayne               0  1  1   0  0   0  1  2  0/0   20 
Matthew Lombardi         0  0  0   0  0   0  0  0  18/33 19 
Milan Jurcina            0  1  1   1  0   0  4  0  0/0   20 
Robyn Regehr             0  1  1   1  0   0  1  1  0/0   20 
Saku Koivu               1  0  1   1  0   4  0  0  6/14  12 
Steve Ott                0  0  0   1  8   2  2  0  0/1   19 
Todd Bertuzzi            0  0  0   1  0   0  4  0  1/1   16 
Yannick Weber            0  1  1   1  4   1  1  0  0/0   19 

3 Stars

1 - Ryan Getzlaf (MIN)
2 - Jussi Jokinen (STL)
3 - Joni Pitkanen (MIN)

Power Play

Wild - 1 on 8 Attempt(s) - 12.50%
Blues - 0 on 3 Attempt(s) - 0.00%

Penalty Kill

Wild - 3 on 3 Attempt(s) - 100.00% - Score 0 goal in Penalty Kill
Blues - 7 on 8 Attempt(s) - 87.50% - Score 0 goal in Penalty Kill

Game Notes

Pascal Leclaire enters game at 6:51 of 3rd period
Kent Huskins beats up Radek Martinek at 15:57 of 3rd period

Finance

Level 1 -- Attendance: 6480 (99.69%) -- Ticket Income $388,800.00
Level 2 -- Attendance: 5000 (100.00%) -- Ticket Income $150,000.00
Level 3 -- Attendance: 3475 (99.29%) -- Ticket Income $86,875.00
Level 4 -- Attendance: 2535 (83.88%) -- Ticket Income $38,025.00
Luxury Box -- Attendance: 1000 (100.00%) -- Ticket Income $120,000.00
Game was played at the Scottrade Center
Total Attendance: 18490 (97.20%)
Total Ticket Income: $821,481.80
Other Income: $212,859.60
Total Income: $1,034,342.00


Play by Play

Period #1

0:01 of 1st period - Jussi Jokinen wins face-off versus Ryan Getzlaf in neutral zone.
0:07 of 1st period - Minor Penalty to Steve Ott for Slashing.
0:08 of 1st period - Matthew Lombardi wins face-off versus Bobby Ryan in Blues zone.
0:17 of 1st period - Shot by Andrei Markov.
0:17 of 1st period - Stopped by Curtis McElhinney with a rebound.
0:19 of 1st period - Shot by Tom Gilbert.
0:19 of 1st period - Shot Hit the Post.
0:21 of 1st period - Shot by Christopher Higgins.
0:21 of 1st period - Stopped by Curtis McElhinney with a rebound.
0:32 of 1st period - Shot by Tom Gilbert.
0:32 of 1st period - Stopped by Curtis McElhinney without a rebound.
0:33 of 1st period - Michael Ryder wins face-off versus Matthew Lombardi in Blues zone.
0:36 of 1st period - Shot by Joni Pitkanen.
0:36 of 1st period - Shot Misses the Net.
0:40 of 1st period - Shot by Joni Pitkanen.
0:40 of 1st period - Stopped by Curtis McElhinney with a rebound.
0:42 of 1st period - Shot by Ryan Getzlaf.
0:42 of 1st period - Stopped by Curtis McElhinney with a rebound.
0:44 of 1st period - Shot by Michal Rozsival.
0:44 of 1st period - Stopped by Curtis McElhinney with a rebound.
0:48 of 1st period - Shot by Ryan Getzlaf.
0:48 of 1st period - Shot Misses the Net.
0:50 of 1st period - Shot by Michal Rozsival.
0:50 of 1st period - Stopped by Curtis McElhinney with a rebound.
0:52 of 1st period - Shot by Michal Rozsival.
0:52 of 1st period - Shot Misses the Net.
1:20 of 1st period - Ryan Getzlaf is hit by Todd Bertuzzi and loses puck.
3:14 of 1st period - Shot by Saku Koivu.
3:14 of 1st period - Goal by Saku Koivu - Wild : 0 - Blues : 1.
3:15 of 1st period - Matthew Lombardi wins face-off versus Bobby Ryan in neutral zone.
3:35 of 1st period - Shot by Milan Michalek.
3:35 of 1st period - Shot Blocked by Mark Fayne.
3:47 of 1st period - Shot by Chris Kunitz.
3:47 of 1st period - Shot Misses the Net.
4:21 of 1st period - Icing by Michal Rozsival.
4:22 of 1st period - Ryan Getzlaf wins face-off versus Jussi Jokinen in Wild zone.
4:38 of 1st period - Minor Penalty to Michal Rozsival for Tripping.
4:39 of 1st period - Ryan Getzlaf wins face-off versus Matthew Lombardi in Wild zone.
5:22 of 1st period - Shot by Chris Kunitz.
5:22 of 1st period - Stopped by Chris Mason without a rebound.
5:23 of 1st period - Mike Modano wins face-off versus Jussi Jokinen in Wild zone.
5:34 of 1st period - Shot by Yannick Weber.
5:34 of 1st period - Stopped by Chris Mason without a rebound.
5:35 of 1st period - Ryan Getzlaf wins face-off versus Steve Ott in Wild zone.
6:34 of 1st period - Shot by Daniel Carcillo.
6:34 of 1st period - Deflect By Jean-Pierre Dumont.
6:34 of 1st period - Stopped by Chris Mason without a rebound.
6:35 of 1st period - Ryan Getzlaf wins face-off versus Kristian Huselius in Wild zone.
7:13 of 1st period - Minor Penalty to Daymond Langkow for Diving.
7:14 of 1st period - Chris Kunitz wins face-off versus Ryan Getzlaf in Blues zone.
10:02 of 1st period - Off-side.
10:03 of 1st period - Daymond Langkow wins face-off versus Bobby Ryan in neutral zone.
10:10 of 1st period - Off-side.
10:11 of 1st period - Matthew Lombardi wins face-off versus Ryan Getzlaf in neutral zone.
12:59 of 1st period - Minor Penalty to Yannick Weber for Slashing.
13:00 of 1st period - Bobby Ryan wins face-off versus Kristian Huselius in Blues zone.
13:00 of 1st period - Andrei Markov is hit by Milan Jurcina and loses puck.
13:11 of 1st period - Shot by Andrei Markov.
13:11 of 1st period - Shot Blocked by Robyn Regehr.
13:18 of 1st period - Icing by Bobby Ryan.
13:19 of 1st period - Bobby Ryan wins face-off versus Kristian Huselius in Wild zone.
13:19 of 1st period - Bobby Ryan is hit by Todd Bertuzzi.
14:19 of 1st period - Shot by Brian Gionta.
14:19 of 1st period - Stopped by Curtis McElhinney without a rebound.
14:20 of 1st period - Jussi Jokinen wins face-off versus Jon Sim in Blues zone.
14:49 of 1st period - Icing by Brian Gionta.
14:50 of 1st period - Matthew Lombardi wins face-off versus Ryan Getzlaf in Wild zone.
16:27 of 1st period - Shot by Robyn Regehr.
16:27 of 1st period - Shot Blocked by Bobby Ryan.
17:10 of 1st period - Shot by Milan Michalek.
17:10 of 1st period - Shot Misses the Net.
17:12 of 1st period - Shot by Milan Michalek.
17:12 of 1st period - Stopped by Curtis McElhinney without a rebound.
17:13 of 1st period - Matthew Lombardi wins face-off versus Michael Ryder in Blues zone.
17:22 of 1st period - Shot by Chris Kunitz.
17:22 of 1st period - Stopped by Chris Mason without a rebound.
17:23 of 1st period - Daymond Langkow wins face-off versus Mike Modano in Wild zone.
18:03 of 1st period - Shot by Todd Bertuzzi.
18:03 of 1st period - Shot Blocked by Andrew Ebbett.
18:44 of 1st period - Shot by Daniel Carcillo.
18:44 of 1st period - Stopped by Chris Mason without a rebound.
18:45 of 1st period - Jussi Jokinen wins face-off versus Ryan Getzlaf in Wild zone.
18:48 of 1st period - Shot by Jussi Jokinen.
18:48 of 1st period - Shot Misses the Net.
19:17 of 1st period - Shot by Brian Gionta.
19:17 of 1st period - Stopped by Curtis McElhinney without a rebound.
19:18 of 1st period - Bobby Ryan wins face-off versus Saku Koivu in Blues zone.
19:19 of 1st period - Shot by Christopher Higgins.
19:19 of 1st period - Stopped by Curtis McElhinney without a rebound.
19:20 of 1st period - Saku Koivu wins face-off versus Bobby Ryan in Blues zone.
19:20 of 1st period - Milan Jurcina is hit by Bobby Ryan and loses puck.
19:24 of 1st period - Robyn Regehr is hit by Milan Michalek and loses puck.

Period #2

0:01 of 2nd period - Jussi Jokinen wins face-off versus Ryan Getzlaf in neutral zone.
0:41 of 2nd period - Icing by Ryan Getzlaf.
0:42 of 2nd period - Ryan Getzlaf wins face-off versus Matthew Lombardi in Wild zone.
0:44 of 2nd period - Icing by Joni Pitkanen.
0:45 of 2nd period - Matthew Lombardi wins face-off versus Ryan Getzlaf in Wild zone.
0:48 of 2nd period - Shot by Chris Kunitz.
0:48 of 2nd period - Stopped by Chris Mason without a rebound.
0:49 of 2nd period - Bobby Ryan wins face-off versus Saku Koivu in Wild zone.
1:13 of 2nd period - Shot by Milan Michalek.
1:13 of 2nd period - Stopped by Curtis McElhinney without a rebound.
1:14 of 2nd period - Matthew Lombardi wins face-off versus Mike Modano in Blues zone.
1:14 of 2nd period - Matthew Lombardi is hit by Joel Ward.
1:30 of 2nd period - Shot by Joel Ward.
1:30 of 2nd period - Shot Misses the Net.
1:52 of 2nd period - Shot by Chris Kunitz.
1:52 of 2nd period - Goal by Chris Kunitz - Wild : 0 - Blues : 2.
1:53 of 2nd period - Bobby Ryan wins face-off versus Jussi Jokinen in neutral zone.
1:53 of 2nd period - Milan Michalek is hit by Steve Ott and loses puck.
1:58 of 2nd period - Shot by Milan Michalek.
1:58 of 2nd period - Deflect By Christopher Higgins.
1:58 of 2nd period - Goal by Christopher Higgins - Wild : 1 - Blues : 2.
1:59 of 2nd period - Saku Koivu wins face-off versus Ryan Getzlaf in neutral zone.
2:17 of 2nd period - Shot by Saku Koivu.
2:17 of 2nd period - Shot Misses the Net.
2:19 of 2nd period - Shot by Saku Koivu.
2:19 of 2nd period - Stopped by Chris Mason with a rebound.
2:21 of 2nd period - Shot by Todd Bertuzzi.
2:21 of 2nd period - Shot Misses the Net.
3:06 of 2nd period - Minor Penalty to Daniel Carcillo for Tripping.
3:07 of 2nd period - Bobby Ryan wins face-off versus Matthew Lombardi in Blues zone.
4:25 of 2nd period - Shot by Joni Pitkanen.
4:25 of 2nd period - Stopped by Curtis McElhinney without a rebound.
4:26 of 2nd period - Bobby Ryan wins face-off versus Jussi Jokinen in Blues zone.
4:37 of 2nd period - Bobby Ryan is hit by Todd Bertuzzi.
4:55 of 2nd period - Shot by Andrei Markov.
4:55 of 2nd period - Stopped by Curtis McElhinney without a rebound.
4:56 of 2nd period - Jussi Jokinen wins face-off versus Ryan Getzlaf in Blues zone.
5:16 of 2nd period - Mike Modano is hit by Steve Ott and loses puck.
5:39 of 2nd period - Icing by Dennis Wideman.
5:40 of 2nd period - Ryan Getzlaf wins face-off versus Jussi Jokinen in Blues zone.
5:52 of 2nd period - Minor Penalty to Yannick Weber for Interference.
5:53 of 2nd period - Matthew Lombardi wins face-off versus Bobby Ryan in Blues zone.
6:47 of 2nd period - Shot by Joni Pitkanen.
6:47 of 2nd period - Shot Misses the Net.
6:49 of 2nd period - Shot by Joni Pitkanen.
6:49 of 2nd period - Deflect By Ryan Getzlaf.
6:49 of 2nd period - Goal by Ryan Getzlaf - Wild : 2 - Blues : 2.
6:50 of 2nd period - Daymond Langkow wins face-off versus Joel Ward in neutral zone.
7:00 of 2nd period - Sami Salo is hit by Mark Fayne.
7:54 of 2nd period - Shot by Dennis Wideman.
7:54 of 2nd period - Stopped by Chris Mason without a rebound.
7:55 of 2nd period - Matthew Lombardi wins face-off versus Bobby Ryan in Wild zone.
8:05 of 2nd period - Icing by Milan Michalek.
8:06 of 2nd period - Saku Koivu wins face-off versus Bobby Ryan in Wild zone.
8:21 of 2nd period - Shot by Milan Michalek.
8:21 of 2nd period - Stopped by Curtis McElhinney without a rebound.
8:22 of 2nd period - Ryan Getzlaf wins face-off versus Matthew Lombardi in Blues zone.
8:25 of 2nd period - Shot by Ryan Getzlaf.
8:25 of 2nd period - Shot Misses the Net.
8:27 of 2nd period - Shot by Ryan Getzlaf.
8:27 of 2nd period - Stopped by Curtis McElhinney without a rebound.
8:28 of 2nd period - Jussi Jokinen wins face-off versus Ryan Getzlaf in Blues zone.
8:28 of 2nd period - Jussi Jokinen is hit by Ryan Getzlaf.
8:48 of 2nd period - Shot by Ryan Getzlaf.
8:48 of 2nd period - Stopped by Curtis McElhinney with a rebound.
8:58 of 2nd period - Shot by Ryan Getzlaf.
8:58 of 2nd period - Goal by Ryan Getzlaf - Wild : 3 - Blues : 2.
8:59 of 2nd period - Mike Modano wins face-off versus Matthew Lombardi in neutral zone.
9:31 of 2nd period - Andrei Markov is hit by Chris Kunitz and loses puck.
10:49 of 2nd period - Shot by Daniel Carcillo.
10:49 of 2nd period - Shot Misses the Net.
11:10 of 2nd period - Icing by Tom Gilbert.
11:11 of 2nd period - Matthew Lombardi wins face-off versus Bobby Ryan in Wild zone.
11:18 of 2nd period - Shot by Chris Kunitz.
11:18 of 2nd period - Stopped by Chris Mason with a rebound.
11:20 of 2nd period - Shot by Jean-Pierre Dumont.
11:20 of 2nd period - Shot Misses the Net.
11:33 of 2nd period - Shot by Chris Kunitz.
11:33 of 2nd period - Shot Misses the Net.
11:43 of 2nd period - Off-side.
11:44 of 2nd period - Jussi Jokinen wins face-off versus Ryan Getzlaf in neutral zone.
12:14 of 2nd period - Shot by Steve Ott.
12:14 of 2nd period - Stopped by Chris Mason without a rebound.
12:15 of 2nd period - Mike Modano wins face-off versus Saku Koivu in Wild zone.
12:17 of 2nd period - Icing by Andrei Markov.
12:18 of 2nd period - Mike Modano wins face-off versus Saku Koivu in Wild zone.
12:35 of 2nd period - Icing by Joel Ward.
12:36 of 2nd period - Mike Modano wins face-off versus Daymond Langkow in Wild zone.
12:55 of 2nd period - Shot by Mike Modano.
12:55 of 2nd period - Deflect By Joel Ward.
12:55 of 2nd period - Shot Misses the Net.
12:57 of 2nd period - Shot by Joel Ward.
12:57 of 2nd period - Stopped by Curtis McElhinney with a rebound.
12:59 of 2nd period - Shot by Alexei Ponikarovsky.
12:59 of 2nd period - Deflect By Joel Ward.
12:59 of 2nd period - Shot Misses the Net.
13:01 of 2nd period - Shot by Joel Ward.
13:01 of 2nd period - Stopped by Curtis McElhinney without a rebound.
13:02 of 2nd period - Ryan Getzlaf wins face-off versus Jussi Jokinen in Blues zone.
13:15 of 2nd period - Shot by Ryan Getzlaf.
13:15 of 2nd period - Shot Misses the Net.
13:17 of 2nd period - Shot by Brian Gionta.
13:17 of 2nd period - Stopped by Curtis McElhinney with a rebound.
13:21 of 2nd period - Shot by Brian Gionta.
13:21 of 2nd period - Shot Misses the Net.
13:23 of 2nd period - Shot by Brian Gionta.
13:23 of 2nd period - Shot Hit the Post.
13:37 of 2nd period - Shot by Brian Gionta.
13:37 of 2nd period - Shot Misses the Net.
14:07 of 2nd period - Milan Jurcina is hit by Alexei Ponikarovsky and loses puck.
14:32 of 2nd period - Icing by Todd Bertuzzi.
14:33 of 2nd period - Bobby Ryan wins face-off versus Saku Koivu in Blues zone.
14:37 of 2nd period - Icing by Robyn Regehr.
14:38 of 2nd period - Bobby Ryan wins face-off versus Saku Koivu in Blues zone.
14:39 of 2nd period - Shot by Christopher Higgins.
14:39 of 2nd period - Stopped by Curtis McElhinney without a rebound.
14:40 of 2nd period - Matthew Lombardi wins face-off versus Bobby Ryan in Blues zone.
14:44 of 2nd period - Icing by Chris Kunitz.
14:45 of 2nd period - Bobby Ryan wins face-off versus Matthew Lombardi in Blues zone.
14:50 of 2nd period - Shot by Bobby Ryan.
14:50 of 2nd period - Stopped by Curtis McElhinney with a rebound.
15:02 of 2nd period - Shot by Chris Kunitz.
15:02 of 2nd period - Shot Misses the Net.
15:06 of 2nd period - Shot by Chris Kunitz.
15:06 of 2nd period - Deflect By Jean-Pierre Dumont.
15:06 of 2nd period - Stopped by Chris Mason with a rebound.
15:10 of 2nd period - Shot by Kent Huskins.
15:10 of 2nd period - Shot Misses the Net.
15:12 of 2nd period - Shot by Jean-Pierre Dumont.
15:12 of 2nd period - Shot Misses the Net.
15:14 of 2nd period - Shot by Chris Kunitz.
15:14 of 2nd period - Shot Misses the Net.
15:18 of 2nd period - Shot by Mark Fayne.
15:18 of 2nd period - Shot Misses the Net.
15:20 of 2nd period - Shot by Kent Huskins.
15:20 of 2nd period - Stopped by Chris Mason without a rebound.
15:21 of 2nd period - Saku Koivu wins face-off versus Ryan Getzlaf in Wild zone.
15:21 of 2nd period - Todd Bertuzzi is hit by Michal Rozsival and loses puck.
15:33 of 2nd period - Shot by Saku Koivu.
15:33 of 2nd period - Shot Misses the Net.
15:55 of 2nd period - Shot by Ryan Getzlaf.
15:55 of 2nd period - Stopped by Curtis McElhinney without a rebound.
15:56 of 2nd period - Mike Modano wins face-off versus Jussi Jokinen in Blues zone.
15:56 of 2nd period - Mike Modano is hit by Yannick Weber.
16:09 of 2nd period - Minor Penalty to Steve Ott for Roughing.
16:10 of 2nd period - Bobby Ryan wins face-off versus Matthew Lombardi in Blues zone.
16:25 of 2nd period - Shot by Andrei Markov.
16:25 of 2nd period - Shot Misses the Net.
16:27 of 2nd period - Shot by Bobby Ryan.
16:27 of 2nd period - Deflect By Milan Michalek.
16:27 of 2nd period - Stopped by Curtis McElhinney without a rebound.
16:28 of 2nd period - Matthew Lombardi wins face-off versus Ryan Getzlaf in Blues zone.
16:28 of 2nd period - Matthew Lombardi is hit by Ryan Getzlaf.
16:58 of 2nd period - Shot by Joni Pitkanen.
16:58 of 2nd period - Stopped by Curtis McElhinney without a rebound.
16:59 of 2nd period - Bobby Ryan wins face-off versus Jussi Jokinen in Blues zone.
18:04 of 2nd period - Shot by Joni Pitkanen.
18:04 of 2nd period - Stopped by Curtis McElhinney without a rebound.
18:05 of 2nd period - Matthew Lombardi wins face-off versus Ryan Getzlaf in Blues zone.
18:33 of 2nd period - Jussi Jokinen is hit by Radek Martinek and loses puck.
19:52 of 2nd period - Shot by Brian Gionta.
19:52 of 2nd period - Shot Misses the Net.
19:54 of 2nd period - Shot by Michael Ryder.
19:54 of 2nd period - Goal by Michael Ryder - Wild : 4 - Blues : 2.
19:55 of 2nd period - Mike Modano wins face-off versus Saku Koivu in neutral zone.
19:59 of 2nd period - Off-side.

Period #3

0:01 of 3rd period - Jussi Jokinen wins face-off versus Ryan Getzlaf in neutral zone.
0:10 of 3rd period - Shot by Jussi Jokinen.
0:10 of 3rd period - Stopped by Chris Mason without a rebound.
0:11 of 3rd period - Matthew Lombardi wins face-off versus Bobby Ryan in Wild zone.
0:49 of 3rd period - Sami Salo is hit by Chris Kunitz and loses puck.
0:57 of 3rd period - Icing by Tom Gilbert.
0:58 of 3rd period - Jussi Jokinen wins face-off versus Bobby Ryan in Wild zone.
1:25 of 3rd period - Steve Ott is hit by Michal Rozsival and loses puck.
1:35 of 3rd period - Icing by Ryan Getzlaf.
1:36 of 3rd period - Todd Bertuzzi wins face-off versus Ryan Getzlaf in Wild zone.
1:36 of 3rd period - Minor Penalty to Michal Rozsival for Interference.
1:37 of 3rd period - Matthew Lombardi wins face-off versus Ryan Getzlaf in Wild zone.
2:02 of 3rd period - Shot by Jean-Pierre Dumont.
2:02 of 3rd period - Deflect By Daniel Carcillo.
2:02 of 3rd period - Stopped by Chris Mason without a rebound.
2:03 of 3rd period - Ryan Getzlaf wins face-off versus Jussi Jokinen in Wild zone.
2:11 of 3rd period - Off-side.
2:12 of 3rd period - Jussi Jokinen wins face-off versus Ryan Getzlaf in neutral zone.
2:40 of 3rd period - Shot by Dennis Wideman.
2:40 of 3rd period - Stopped by Chris Mason with a rebound.
3:04 of 3rd period - Icing by Robyn Regehr.
3:05 of 3rd period - Mike Modano wins face-off versus Matthew Lombardi in Blues zone.
3:14 of 3rd period - Robyn Regehr is hit by Mike Modano and loses puck.
3:26 of 3rd period - Icing by Jean-Pierre Dumont.
3:27 of 3rd period - Mike Modano wins face-off versus Matthew Lombardi in Blues zone.
4:02 of 3rd period - Shot by Brian Gionta.
4:02 of 3rd period - Stopped by Curtis McElhinney without a rebound.
4:03 of 3rd period - Saku Koivu wins face-off versus Mike Modano in Blues zone.
4:47 of 3rd period - Minor Penalty to Steve Ott for Hooking.
4:48 of 3rd period - Christopher Higgins wins face-off versus Matthew Lombardi in Blues zone.
5:07 of 3rd period - Shot by Christopher Higgins.
5:07 of 3rd period - Stopped by Curtis McElhinney with a rebound.
5:09 of 3rd period - Shot by Tom Gilbert.
5:09 of 3rd period - Shot Misses the Net.
5:11 of 3rd period - Shot by Milan Michalek.
5:11 of 3rd period - Shot Blocked by Chris Kunitz.
5:13 of 3rd period - Shot by Christopher Higgins.
5:13 of 3rd period - Stopped by Curtis McElhinney with a rebound.
5:15 of 3rd period - Shot by Milan Michalek.
5:15 of 3rd period - Shot Blocked by Mark Fayne.
5:19 of 3rd period - Shot by Milan Michalek.
5:19 of 3rd period - Shot Misses the Net.
6:51 of 3rd period - Shot by Jussi Jokinen.
6:51 of 3rd period - Goal by Jussi Jokinen - Wild : 4 - Blues : 3.
6:51 of 3rd period - Pascal Leclaire enters game.
6:52 of 3rd period - Bobby Ryan wins face-off versus Jussi Jokinen in neutral zone.
6:55 of 3rd period - Shot by Sami Salo.
6:55 of 3rd period - Stopped by Curtis McElhinney without a rebound.
6:56 of 3rd period - Mike Modano wins face-off versus Daymond Langkow in Blues zone.
7:16 of 3rd period - Tom Gilbert is hit by Milan Jurcina and loses puck.
7:20 of 3rd period - Mike Modano is hit by Milan Jurcina and loses puck.
7:26 of 3rd period - Joel Ward is hit by Milan Jurcina and loses puck.
7:29 of 3rd period - Shot by Joel Ward.
7:29 of 3rd period - Deflect By Mike Modano.
7:29 of 3rd period - Stopped by Curtis McElhinney without a rebound.
7:30 of 3rd period - Jussi Jokinen wins face-off versus Bobby Ryan in Blues zone.
7:41 of 3rd period - Shot by Jussi Jokinen.
7:41 of 3rd period - Deflect By Steve Ott.
7:41 of 3rd period - Stopped by Pascal Leclaire without a rebound.
7:42 of 3rd period - Bobby Ryan wins face-off versus Matthew Lombardi in Wild zone.
7:42 of 3rd period - Bobby Ryan is hit by Chris Kunitz.
8:06 of 3rd period - Shot by Chris Kunitz.
8:06 of 3rd period - Shot Blocked by Radek Martinek.
9:02 of 3rd period - Shot by Saku Koivu.
9:02 of 3rd period - Stopped by Pascal Leclaire without a rebound.
9:03 of 3rd period - Ryan Getzlaf wins face-off versus Jussi Jokinen in Wild zone.
9:33 of 3rd period - Shot by Brian Gionta.
9:33 of 3rd period - Shot Hit the Post.
9:52 of 3rd period - Off-side.
9:53 of 3rd period - Matthew Lombardi wins face-off versus Mike Modano in neutral zone.
10:30 of 3rd period - Shot by Tom Gilbert.
10:30 of 3rd period - Shot Misses the Net.
10:34 of 3rd period - Shot by Andrei Markov.
10:34 of 3rd period - Deflect By Alexei Ponikarovsky.
10:34 of 3rd period - Stopped by Curtis McElhinney without a rebound.
10:35 of 3rd period - Saku Koivu wins face-off versus Ryan Getzlaf in Blues zone.
10:48 of 3rd period - Shot by Saku Koivu.
10:48 of 3rd period - Stopped by Pascal Leclaire with a rebound.
10:54 of 3rd period - Ryan Getzlaf is hit by Todd Bertuzzi and loses puck.
11:01 of 3rd period - Shot by Todd Bertuzzi.
11:01 of 3rd period - Shot Misses the Net.
11:45 of 3rd period - Shot by Milan Michalek.
11:45 of 3rd period - Shot Misses the Net.
11:49 of 3rd period - Shot by Bobby Ryan.
11:49 of 3rd period - Shot Misses the Net.
12:09 of 3rd period - Shot by Mike Modano.
12:09 of 3rd period - Stopped by Curtis McElhinney without a rebound.
12:10 of 3rd period - Alexei Ponikarovsky wins face-off versus Matthew Lombardi in Blues zone.
12:30 of 3rd period - Shot by Mark Fayne.
12:30 of 3rd period - Shot Blocked by Joel Ward.
12:41 of 3rd period - Off-side.
12:42 of 3rd period - Bobby Ryan wins face-off versus Daymond Langkow in neutral zone.
13:08 of 3rd period - Shot by Kristian Huselius.
13:08 of 3rd period - Stopped by Pascal Leclaire without a rebound.
13:09 of 3rd period - Ryan Getzlaf wins face-off versus Jussi Jokinen in Wild zone.
13:15 of 3rd period - Jussi Jokinen is hit by Michal Rozsival and loses puck.
13:36 of 3rd period - Shot by Dennis Wideman.
13:36 of 3rd period - Goal by Dennis Wideman - Wild : 4 - Blues : 4.
13:37 of 3rd period - Matthew Lombardi wins face-off versus Joel Ward in neutral zone.
13:42 of 3rd period - Jean-Pierre Dumont is hit by Andrei Markov and loses puck.
13:52 of 3rd period - Shot by Chris Kunitz.
13:52 of 3rd period - Stopped by Pascal Leclaire without a rebound.
13:53 of 3rd period - Bobby Ryan wins face-off versus Saku Koivu in Wild zone.
14:09 of 3rd period - Milan Michalek is hit by Robyn Regehr and loses puck.
15:57 of 3rd period - Kent Huskins beats up Radek Martinek.
15:57 of 3rd period - Penalty to Kent Huskins for Fighting.
15:57 of 3rd period - Penalty to Radek Martinek for Fighting.
15:58 of 3rd period - Ryan Getzlaf wins face-off versus Matthew Lombardi in neutral zone.
16:44 of 3rd period - Shot by Jussi Jokinen.
16:44 of 3rd period - Stopped by Pascal Leclaire with a rebound.
16:46 of 3rd period - Shot by Daniel Carcillo.
16:46 of 3rd period - Shot Blocked by Brian Gionta.
16:48 of 3rd period - Shot by Yannick Weber.
16:48 of 3rd period - Shot Misses the Net.
16:50 of 3rd period - Shot by Jussi Jokinen.
16:50 of 3rd period - Goal by Jussi Jokinen - Wild : 4 - Blues : 5.
16:51 of 3rd period - Kristian Huselius wins face-off versus Mike Modano in neutral zone.
17:07 of 3rd period - Minor Penalty to Andrew Ebbett for Hooking.
17:08 of 3rd period - Jussi Jokinen wins face-off versus Ryan Getzlaf in Wild zone.
18:08 of 3rd period - Icing by Jean-Pierre Dumont.
18:09 of 3rd period - Matthew Lombardi wins face-off versus Mike Modano in Blues zone.
18:27 of 3rd period - Icing by Chris Kunitz.
18:28 of 3rd period - Mike Modano wins face-off versus Chris Kunitz in Blues zone.
18:39 of 3rd period - Shot by Jussi Jokinen.
18:39 of 3rd period - Stopped by Pascal Leclaire without a rebound.
18:40 of 3rd period - Daniel Carcillo wins face-off versus Mike Modano in Wild zone.
18:47 of 3rd period - Shot by Kristian Huselius.
18:47 of 3rd period - Stopped by Pascal Leclaire with a rebound.
19:06 of 3rd period - Icing by Robyn Regehr.
19:07 of 3rd period - Ryan Getzlaf wins face-off versus Jussi Jokinen in Blues zone.
19:08 of 3rd period - Wild, Pascal Leclaire is pulled from the net.
19:27 of 3rd period - Icing by Michal Rozsival.
19:28 of 3rd period - Pascal Leclaire from Wild was sent back in the game.
19:28 of 3rd period - Ryan Getzlaf wins face-off versus Jussi Jokinen in Wild zone.
19:46 of 3rd period - Wild, Pascal Leclaire is pulled from the net.
19:55 of 3rd period - Dennis Wideman is hit by Sami Salo and loses puck.
19:57 of 3rd period - Minor Penalty to Steve Ott for Cross-checking.
19:58 of 3rd period - Bobby Ryan wins face-off versus Matthew Lombardi in Blues zone.


Output by the SimonT Hockey Simulator (STHS) for Stephane Roy -- Original Page W3C XHTML 1.0 Valid